cohdb
Replays
Latest Replays
All Replays
Popular Replays
Top Player Replays
Match Explorer
How It Works
Community
CoH3 Stats
Reddit
Sign in to upload your games and track your stats! →
Sign in with Steam
Match 27382116
Unlisted
Match 27382116
Overview
Messages
Build Orders
End
Vickers Machine Gun Team
Construct Section Command Post
Infantry Section
Dingo Light Scout Car
Infantry Section
Royal Engineer Section
Selects Indian Artillery Battlegroup
Construct Platoon Command Post
Selects Towed ML 4.2-inch Heavy Mortar
Towed ML 4.2-inch Heavy Mortar
Selects Valour
Selects Gurkha Rifles Section
Gurkha Rifles Section
Construct Company Command Post
Unlock M3 Grant Medium Tanks
M3 Grant Medium Tank
Selects Off-map Airburst Barrage
Off-map Airburst Barrage
M3 Grant Medium Tank
Royal Engineer Section
M3 Grant Medium Tank
Selects BL5.5 Artillery Emplacement
Infantry Training
Armored Vehicle Training
Forward Retreat Point
Selects Pillage
Selects Volunteer Infantry
Off-map Airburst Barrage
M3 Grant Medium Tank
M3 Grant Medium Tank
littlemf
Superhuman
infelix
VeeDemo
The Iron Duck
Alpha_0XVII
MMMMMMMMMMMM
cm210234
0
0
Comments
sign in to comment!
No comments posted yet!